 Dungeon Crawl Stone Soup version 0.25-a0-589-g1e14c549ee (webtiles) character file.

Game seed: 18185697634490489207, levelgen mode: deterministic

29057 Feb132020 the Eclecticist (level 13, -3/65 HPs)
             Began as a Deep Elf Ice Elementalist on Feb 18, 2020.
             Was a High Priest of Vehumet.
             Slain by a spiny frog (10 damage)
             ... on level 6 of the Lair of Beasts on Mar 9, 2020.
             The game lasted 02:35:34 (16240 turns).

Feb132020 the Eclecticist (DEIE)                   Turns: 16240, Time: 02:35:35

Health: -3/65      AC: 10    Str:  6    XL:     13   Next: 13%
Magic:  32/34      EV: 19    Int: 24    God:    Vehumet [*****.]
Gold:   528        SH:  2    Dex: 26    Spells: 6/42 levels left

rFire    + . .     SeeInvis .   S - +10 short sword "Faetosm" {venom, rElec}
rCold    + . .     Gourm    .   (no shield)
rNeg     . . .     Faith    .   I - +2 robe {rC+ rF+}
rPois    .         Spirit   .   (no helmet)
rElec    +         Reflect  +   m - +0 cloak
rCorr    .         Harm     .   u - +1 pair of gloves {archery}
MR       +....                  A - +2 pair of boots {Fly}
Stlth    +++++.....             R - +2 amulet of reflection
HPRegen  0.20/turn              i - +5 ring of dexterity
MPRegen  0.24/turn              w - +3 ring of dexterity

@: lethally poisoned (-3 -> -21), flying, very slightly contaminated
A: hooves 1, agile 1, mutation resistance 1, wild magic 1
a: Renounce Religion, Stop Flying


You were on level 6 of the Lair of Beasts.
You worshipped Vehumet.
Vehumet was extremely pleased with you.
You were not hungry.

You visited 3 branches of the dungeon, and saw 17 of its levels.
You also visited: Gauntlet.

You collected 985 gold pieces.
You spent 457 gold pieces at shops.

Inventory:

Hand Weapons
 C - the +4 quarterstaff "Raisin" {antimagic, rElec MR++ Dex+4, unknown}
   (You found it in a Gauntlet)

   It reduces the magical energy of the wielder, and disrupts the spells and
   magical abilities of those hit.
   Natural abilities and divine invocations are not affected.
   It affects your dexterity (+4).
   It insulates you from electricity.
   It affects your resistance to hostile enchantments.
 S - the +10 short sword "Faetosm" (weapon) {venom, rElec}
   (You took it off a minotaur in a Gauntlet)

   It poisons the flesh of those it strikes.
   It insulates you from electricity.
Missiles
 r - 7 curare-tipped darts
 t - 22 poisoned darts (quivered)
 K - 174 stones
Armour
 a - the +2 pair of boots of Foolhardiness {*Drain rC+ rN+ rCorr, unknown}
   (You found it in a Gauntlet)

   It protects you from cold.
   It protects you from negative energy.
   It provides partial protection from all sources of acid and corrosion.
   It causes draining when unequipped.
 f - a +2 robe of magic resistance
 g - a +1 pair of boots of stealth
 m - a +0 cloak (worn)
 u - a +1 pair of gloves of archery (worn)
 x - the +3 robe of Voad {Stlth+}
   (You found it on level 5 of the Lair of Beasts)

   It makes you more stealthy.
 A - a +2 pair of boots of flying (worn)
 I - a +2 robe of resistance (worn)
 N - the +6 ring mail of the Princess {rF+ Regen+ Int+4}
   (You found it on level 8 of the Dungeon)

   It affects your intelligence (+4).
   It protects you from fire.
   It increases your rate of regeneration.
 T - the cursed +1 ring mail "Tesemaqi" {rElec rN+}
   (You found it on level 10 of the Dungeon)

   It insulates you from electricity.
   It protects you from negative energy.
   It has a curse placed upon it.
Magical Staves
 E - an uncursed staff of fire
Jewellery
 i - a +5 ring of dexterity (left hand)
 j - an uncursed ring of protection from fire
 w - a +3 ring of dexterity (right hand)
 z - an uncursed ring of ice
 G - an uncursed ring of protection from magic
 R - a +2 amulet of reflection (around neck)
 V - an uncursed ring of positive energy
 Z - the amulet "Wutul" {+Rage +Inv rC+ Dex+3}
   (You took it off a minotaur in a Gauntlet)

   [amulet of rage]

   It affects your dexterity (+3).
   It protects you from cold.
   It lets you turn invisible.
   It lets you go berserk.
Wands
 D - a wand of disintegration (9)
 H - a wand of iceblast (9)
 J - a wand of flame (22)
 P - a wand of acid (3)
 X - a wand of enslavement (11)
 Y - a wand of digging (3)
Scrolls
 d - 3 scrolls of remove curse
 k - a scroll of fear
 l - a scroll of teleportation
 n - 2 scrolls of enchant weapon
 o - 3 scrolls of identify
 s - a scroll of enchant armour
 y - a scroll of blinking
 F - 2 scrolls of magic mapping
Potions
 b - 5 potions of curing
 e - 3 potions of brilliance
 h - 3 potions of cancellation
 p - a potion of invisibility
 q - 2 potions of haste
 v - a potion of heal wounds
 B - a potion of mutation
 L - a potion of ambrosia {unknown}
 O - 2 potions of stabbing
 U - a potion of might {unknown}
 W - a potion of degeneration {unknown}
Comestibles
 c - 28 rations


   Skills:
 - Level 1.5 Fighting
 + Level 4.9 Short Blades
 + Level 2.7 Throwing
 + Level 6.9 Dodging
 + Level 8.6 Stealth
 + Level 15.2 Spellcasting
 + Level 9.5 Conjurations
 + Level 3.9 Charms
 * Level 7.5 Summonings
 + Level 0.2 Translocations
 + Level 1.1 Fire Magic
 + Level 11.4 Ice Magic
 + Level 2.4 Air Magic
 + Level 4.0 Earth Magic
 + Level 1.1 Poison Magic
 + Level 0.8 Evocations


You had 6 spell levels left.
You knew the following spells:

 Your Spells              Type           Power        Failure   Level  Hunger
a - Magic Dart            Conj           ####         1%          1    None
b - Frozen Ramparts       Ice            ######       1%          3    None
c - Hailstorm             Conj/Ice       ######..     1%          4    None
d - Summon Ice Beast      Ice/Summ       ######..     1%          4    None
e - Mephitic Cloud        Conj/Pois/Air  ######..     1%          3    None
f - Fireball              Conj/Fire      ######....   4%          5    ##.....
g - Conjure Flame         Conj/Fire      ######..     1%          3    None
h - Sandblast             Erth           #####.       1%          1    None
i - Stone Arrow           Conj/Erth      ######       1%          3    None
j - Summon Lightning Spi  Summ/Air       ######..     7%          4    None
o - Ozocubu's Armour      Chrm/Ice       ######..     1%          3    None
B - Blink                 Tloc           N/A          7%          2    None

Your spell library contained the following spells:

 Spells                   Type           Power        Failure   Level  Hunger
 Iskenderun's Battlesphe  Conj/Chrm      ######..     2%          5    ##.....
 Freeze                   Ice            ####         1%          1    None
 Shock                    Conj/Air       ####         1%          1    None
 Summon Butterflies       Summ           ######..     1%          1    None
 Summon Small Mammal      Summ           ####         1%          1    None
 Call Imp                 Summ           ######..     1%          2    None
 Call Canine Familiar     Summ           ######..     1%          3    None
 Static Discharge         Conj/Air       ######..     1%          3    None
 Swiftness                Chrm/Air       #####...     2%          2    None
 Summon Guardian Golem    Hex/Summ       #####...     3%          3    None
 Lightning Bolt           Conj/Air       ######....   3%          5    ##.....
 Apportation              Tloc           ####..       4%          1    None
 Poisonous Vapours        Pois/Air       ####..       4%          2    None
 Airstrike                Air            #####.....   4%          4    None
 Beastly Appendage        Tmut           ###...       5%          1    None
 Ice Form                 Ice/Tmut       ######..     5%          4    None
 Freezing Cloud           Conj/Ice/Air   ######....   7%          6    ####...
 Slow                     Hex            ###.....     8%          2    None
 Sticks to Snakes         Tmut           ###.....     8%          2    None
 Spider Form              Tmut/Pois      ####......   12%         3    None
 Lesser Beckoning         Tloc           ####......   13%         3    None
 Tukima's Dance           Hex            ###.....     14%         3    None
 Alistair's Intoxication  Tmut/Pois      ####....     65%         5    ##.....
 Blade Hands              Tmut           ###.......   73%         5    ##.....
 Invisibility             Hex            ###.....     99%         6    ####...
 Ring of Flames           Chrm/Fire      #####.....   100%        7    ######.


Dungeon Overview and Level Annotations

Branches:
Dungeon (10/15)            Temple (1/1) D:5            Lair (6/6) D:10
  Swamp (0/4) Lair:3       Spider (0/4) Lair:3        Slime (0/5) Lair:5
    Orc (0/2) D:10        Gauntlet (visited)

Altars:
Ashenzari
Cheibriados
Dithmenos
Elyvilon
Fedhas
Gozag
Hepliaklqana
Kikubaaqudgha
Makhleb
Nemelex Xobeh
Okawaru
Qazlal
Ru
Trog
Uskayaw
Vehumet
Wu Jian
Xom
Yredelemnul
Zin
The Shining One
Jiyva

Shops:
D:5 (?[[(

Annotations:
D:2 exclusion: door
D:9 Gastronok
Lair:5 1 runed translucent door


Innate Abilities, Weirdness & Mutations

You have large cloven feet.
You are agile. (Dex +2)
You are somewhat resistant to further mutation.
Your spells are a little harder to cast, but a little more powerful.


Message History

The blink frog blinks!
The spiny frog stings you! You block the spiny frog's attack.
The black mamba bites you!
The blink frog blinks!
The spiny frog stings you.
The spiny frog stings you but does no damage.
The blink frog hits you!
The blink frog blinks! x2; The spiny frog misses you.
The spiny frog stings you.
* * * LOW HITPOINT WARNING * * *
You are lethally poisoned!
The spiny frog poisons you!
Casting: Ozocubu's Armour (safe; 1% risk of failure)
Confirm with . or Enter, or press ? or * to list all spells.
You miscast Blink.
You are very lightly contaminated with residual magic.
The world appears momentarily distorted!
* * * LOW HITPOINT WARNING * * *
You feel sick. The black mamba bites you!
* * * LOW HITPOINT WARNING * * *
The blink frog closely misses you.
The blink frog blinks!
The spiny frog stings you!
You die...

,≈≈≈**≈≈≈≈)([PP≈≈≈*#≈≈≈P........,
≈≈*****≈≈;)$=PP≈#####≈≈.........,
≈≈≈**≈≈≈*P(?PP(≈≈##≈≈w≈.........,
≈≈≈*≈≈≈≈*PPPPP.P≈#≈Y≈≈.≈≈.......,
,,≈≈≈≈≈≈*#PPP.≈≈≈#≈≈≈Y≈.#.......,
≈≈≈≈≈≈≈≈*#.≈.P≈≈≈≈≈≈P≈≈.#......,,
,≈≈≈≈≈≈,*≈≈≈≈≈≈PYF≈≈≈≈.≈#.....,,,
≈,,≈≈≈≈,*P≈≈.≈≈≈SFF≈PP≈##,,..,,,,
≈≈≈≈≈≈≈###≈≈≈≈≈≈@F≈≈≈≈≈#,,,,,,,,,
,,≈,≈≈≈*≈P≈≈≈≈≈≈≈F≈≈≈≈.#,,,,,,,,,
,,,,≈≈,*#≈P≈§≈≈≈≈P≈≈≈≈≈#,,,,,,,,,
,,,≈,≈*##≈≈≈≈P≈≈≈≈≈≈≈.##,,,,,,,,,
,≈,≈,,*#≈≈≈≈≈≈≈≈≈≈≈≈..#,,,,,,,,,,
,..≈,,##≈≈≈≈≈≈≈≈≈≈F≈..#,,,,,,,,,,
,..####..PP≈.≈P≈P...P...,,,,,,,,,
,.....####.P.≈....≈.....,,,,,,,,,
,........w.........,,,,^,,,,,,,,,


You could see a tyrant leech, a black mamba, 3 yaks, 3 spiny frogs, 2 blink
frogs, a bullfrog and an electric eel (wandering).

Vanquished Creatures
  A minotaur (Gauntlet)
  4 hydras
  Harold (D:9)
  A hell beast (Gauntlet)
  4 death yaks (Lair:3)
  Psyche (D:8)
  2 black mambas (Lair:1)
  3 elephants (Lair:3)
  7 spiny frogs
  3 komodo dragons
  A jumping spider (Lair:3)
  2 trolls (D:9)
  4 hippogriffs
  8 blink frogs
  13 yaks
  Sigmund (D:5)
  A redback (Lair:3)
  3 hogs (D:7)
  A hungry ghost (D:9)
  A human (D:7)
  3 wargs (D:10)
  Edmund (D:5)
  6 water moccasins
  5 porcupines
  A sky beast (D:9)
  An orc warrior (D:7)
  4 phantoms
  3 ice beasts
  4 wolves (Lair:3)
  3 centaurs
  3 ogres
  8 crocodiles
  A big kobold (D:7)
  12 bullfrogs
  A wyvern skeleton (D:9)
  11 killer bees
  An electric eel (Lair:2)
  3 crimson imps
  A centaur zombie (D:9)
  2 jellies
  A quasit (D:10)
  5 hounds
  A gnoll shaman (D:7)
  8 orc priests
  7 orc wizards
  A centaur skeleton (D:9)
  2 iguanas
  Ijyb (D:3)
  A polar bear simulacrum (Lair:4)
  5 worker ants
  A wolf simulacrum (Lair:4)
  2 worker ant zombies
  4 gnolls (D:7)
  A howler monkey skeleton (D:7)
  12 adders
  2 shadow imps
  An adder skeleton (D:4)
  7 worms
  2 dart slugs
  3 leopard geckos
  31 orcs
  2 ball pythons (D:1)
  6 giant cockroaches
  3 goblins
  6 hobgoblins
  19 jackals
  7 kobolds
  3 quokkas
  13 bats
  5 frilled lizards
  A leopard gecko zombie (D:5)
  A quokka zombie (D:5)
  15 rats
  2 river rat simulacra (Lair:4)
  A plant (Lair:3)
318 creatures vanquished.

Vanquished Creatures (collateral kills)
  3 hydras (Lair:5)
  2 death yaks (Lair:3)
  A necromancer (Lair:4)
  3 spiny frogs
  8 komodo dragons
  A jumping spider (Lair:3)
  A blink frog (Lair:2)
  2 wyverns
  A basilisk (Lair:4)
  2 yaks (Lair:4)
  3 water moccasins
  A hell hound (Gauntlet)
  3 porcupines
  5 crocodiles
  2 bullfrogs
  3 killer bees (Gauntlet)
  3 polar bear simulacra (Lair:4)
  A wolf simulacrum (Lair:4)
  3 river rat simulacra (Lair:4)
48 creatures vanquished.

Vanquished Creatures (others)
  A queen bee (Gauntlet)
  A fungus (Lair:3)
  11 plants
13 creatures vanquished.

Grand Total: 379 creatures vanquished

Notes
Turn   | Place    | Note
-------+----------+-------------------------------------------
     0 | D:1      | Feb132020 the Deep Elf Ice Elementalist began the quest for
                  | the Orb.
     0 | D:1      | Reached XP level 1. HP: 10/10 MP: 6/6
   318 | D:1      | Reached XP level 2. HP: 15/15 MP: 5/8
  1007 | D:1      | Reached XP level 3. HP: 15/19 MP: 7/10
  1035 | D:1      | Learned a level 3 spell: Frozen Ramparts
  1039 | D:1      | Learned a level 3 spell: Ozocubu's Armour
  1177 | D:2      | Found a glowing silver altar of Zin.
  1202 | D:2      | Reached skill level 4 in Spellcasting
  1330 | D:2      | Reached skill level 5 in Ice Magic
  1392 | D:2      | Noticed a moth of wrath
  1395 | D:2      | Found a bloodstained altar of Trog.
  1413 | D:2      | Reached XP level 4. HP: 21/24 MP: 6/12
  1588 | D:2      | Reached skill level 1 in Short Blades
  2407 | D:2      | Reached skill level 5 in Spellcasting
  2407 | D:2      | Reached XP level 5. HP: 28/28 MP: 12/14
  2767 | D:3      | Noticed Ijyb
  2774 | D:3      | Killed Ijyb
  2858 | D:3      | Found a blossoming altar of Fedhas.
  3110 | D:3      | Learned a level 4 spell: Hailstorm
  3139 | D:3      | Reached XP level 6. HP: 32/32 MP: 11/15
  3255 | D:3      | Found a sacrificial altar of Ru.
  3423 | D:3      | Learned a level 4 spell: Summon Ice Beast
  3868 | D:4      | Reached skill level 1 in Conjurations
  4240 | D:4      | Learned a level 1 spell: Magic Dart
  4404 | D:4      | Found an opulent altar of Gozag.
  4919 | D:5      | Entered Level 5 of the Dungeon
  4919 | D:5      | Found Fasi's Armour Shoppe.
  4931 | D:5      | Bought a +0 pair of boots of flying for 172 gold pieces
  5001 | D:5      | Noticed Edmund
  5013 | D:5      | Noticed Sigmund
  5039 | D:5      | Reached XP level 7. HP: 36/36 MP: 5/17
  5138 | D:5      | Found Haha Lozximn's Weapon Emporium.
  5167 | D:5      | Reached skill level 5 in Stealth
  5167 | D:5      | Reached skill level 6 in Spellcasting
  5410 | D:5      | Found Wosiopn's Armour Boutique.
  5451 | D:5      | Found a hide-covered altar of Uskayaw.
  5452 | D:5      | Found a white marble altar of Elyvilon.
  5529 | D:5      | Found Serut's Magic Scroll Shop.
  5607 | D:5      | Found a staircase to the Ecumenical Temple.
  5616 | Temple   | Entered the Ecumenical Temple
  5621 | Temple   | Became a worshipper of Vehumet
  5643 | D:5      | Found Lutotz's Antique Weapon Shop.
  5842 | D:5      | You are sucked into a shaft and drop 2 floors!
  6231 | D:7      | Reached skill level 7 in Spellcasting
  6246 | D:7      | Reached XP level 8. HP: 42/42 MP: 5/20
  6419 | D:6      | Found a stormy altar of Qazlal.
  6422 | D:6      | Noticed an air elemental
  6674 | D:6      | Reached * piety under Vehumet
  6674 | D:6      | Offered knowledge of Shock by Vehumet.
  7093 | D:5      | Reached skill level 8 in Spellcasting
  7323 | D:5      | Upgraded the game from 0.25-a0-521-gb5d5f98535 to
                  | 0.25-a0-528-g6b7c99946c
  7327 | D:5      | Learned a level 3 spell: Mephitic Cloud
  7346 | D:5      | Killed Sigmund
  7357 | D:5      | Killed Edmund
  7516 | D:7      | Reached skill level 9 in Spellcasting
  7516 | D:7      | Reached XP level 9. HP: 46/46 MP: 15/24
  7525 | D:7      | Reached skill level 5 in Conjurations
  7877 | D:7      | Learned a level 3 spell: Conjure Flame
  7925 | D:7      | Offered knowledge of Sandblast by Vehumet.
  7928 | D:7      | Learned a level 1 spell: Sandblast
  7971 | D:7      | Reached ** piety under Vehumet
  7974 | D:7      | Reached skill level 1 in Earth Magic
  8389 | D:9      | Noticed Psyche
  8402 | D:8      | Killed Psyche
  8402 | D:8      | Reached skill level 5 in Dodging
  8402 | D:8      | Reached skill level 10 in Spellcasting
  8402 | D:8      | Reached skill level 1 in Charms
  8405 | D:8      | Got a spiked ring mail
  8406 | D:8      | Identified the +6 ring mail of the Princess {rF+ Regen+
                  | Int+4} (You found it on level 8 of the Dungeon)
  8485 | D:9      | Noticed Harold
  8510 | D:9      | Killed Harold
  8510 | D:9      | Reached skill level 1 in Fighting
  8510 | D:9      | Reached skill level 1 in Throwing
  8510 | D:9      | Reached XP level 10. HP: 50/52 MP: 20/26
  8537 | D:9      | Reached skill level 11 in Spellcasting
  8738 | D:9      | Reached skill level 1 in Poison Magic
  9030 | D:9      | Offered knowledge of Stone Arrow by Vehumet.
  9035 | D:9      | Learned a level 3 spell: Stone Arrow
  9128 | D:9      | HP: 1/52 [troll (10)]
  9147 | D:9      | HP: 2/52 [troll (14)]
  9603 | D:9      | Noticed Gastronok
  9985 | D:5      | Bought a shimmering rapier for 225 gold pieces
  9985 | D:5      | Identified the +5 rapier of Shrieking Terror {freeze,
                  | Fragile rElec MR+ Str+4} (You bought it in a shop on level
                  | 5 of the Dungeon)
 10086 | D:10     | Entered Level 10 of the Dungeon
 10116 | D:10     | Found a staircase to the Lair.
 10314 | D:10     | Learned a level 4 spell: Summon Lightning Spire
 10345 | D:10     | Reached skill level 12 in Spellcasting
 10349 | D:10     | Reached *** piety under Vehumet
 10351 | D:10     | Reached skill level 1 in Summonings
 10399 | D:10     | Found a staircase to the Orcish Mines.
 10529 | D:10     | Identified the cursed +1 ring mail "Tesemaqi" {rElec rN+}
                  | (You found it on level 10 of the Dungeon)
 10726 | Lair:1   | Entered Level 1 of the Lair of Beasts
 10729 | Lair:1   | Reached XP level 11. HP: 56/56 MP: 29/29
 10736 | Lair:1   | Offered knowledge of Static Discharge by Vehumet.
 11008 | Lair:1   | Reached skill level 10 in Ice Magic
 11481 | Lair:1   | Upgraded the game from 0.25-a0-528-g6b7c99946c to
                  | 0.25-a0-544-gee0576305d
 12435 | Lair:2   | Upgraded the game from 0.25-a0-544-gee0576305d to
                  | 0.25-a0-547-g27a0b5d1ef
 12479 | Lair:3   | Noticed a five-headed hydra
 12481 | Lair:3   | Killed a five-headed hydra
 12481 | Lair:3   | Reached **** piety under Vehumet
 12486 | Lair:3   | Learned a level 2 spell: Blink
 12555 | Lair:3   | Reached skill level 13 in Spellcasting
 12647 | Lair:3   | Found a staircase to the Swamp.
 12669 | Lair:3   | Noticed an eight-headed hydra
 12681 | Lair:3   | Killed an eight-headed hydra
 12681 | Lair:3   | Reached XP level 12. HP: 43/61 MP: 31/31
 12727 | Lair:3   | Found a hole to the Spider Nest.
 12818 | Lair:3   | Gained mutation: You are agile. (Dex +2) [potion of
                  | mutation]
 12818 | Lair:3   | Gained mutation: Your spells are a little harder to cast,
                  | but a little more powerful. [potion of mutation]
 12818 | Lair:3   | Gained mutation: You have large cloven feet. [potion of
                  | mutation]
 12818 | Lair:3   | Gained mutation: You are somewhat resistant to further
                  | mutation. [potion of mutation]
 12866 | Lair:3   | Reached skill level 5 in Summonings
 12932 | Lair:3   | Offered knowledge of Fireball by Vehumet.
 12939 | Lair:3   | Learned a level 5 spell: Fireball
 12967 | Lair:3   | Noticed a death yak
 12968 | Lair:3   | Noticed a death yak
 12973 | Lair:3   | Noticed a death yak
 12974 | Lair:3   | Noticed a death yak
 12975 | Lair:3   | Killed a death yak
 12975 | Lair:3   | Noticed a death yak
 12978 | Lair:3   | Noticed a death yak
 12982 | Lair:3   | Killed a death yak
 13012 | Lair:3   | Killed a death yak
 13016 | Lair:3   | Killed a death yak
 13029 | Lair:3   | Killed a death yak
 13029 | Lair:3   | Reached skill level 14 in Spellcasting
 13034 | Lair:3   | Killed a death yak
 13034 | Lair:3   | Reached skill level 1 in Air Magic
 13213 | Lair:3   | Noticed a six-headed hydra
 13228 | Lair:3   | Killed a six-headed hydra
 13496 | Lair:3   | Upgraded the game from 0.25-a0-547-g27a0b5d1ef to
                  | 0.25-a0-578-gc91f01c39c
 14038 | Lair:4   | Reached ***** piety under Vehumet
 14159 | Lair:4   | Offered knowledge of Iskenderun's Battlesphere by Vehumet.
 14191 | Lair:4   | Upgraded the game from 0.25-a0-578-gc91f01c39c to
                  | 0.25-a0-589-g1e14c549ee
 14211 | Lair:5   | Noticed a six-headed hydra
 14230 | Lair:4   | Killed a six-headed hydra
 14276 | Lair:5   | Noticed a six-headed hydra
 14292 | Lair:5   | Killed a six-headed hydra
 14329 | Lair:5   | Noticed a seven-headed hydra
 14335 | Lair:5   | Killed a seven-headed hydra
 14441 | Lair:5   | Reached skill level 1 in Fire Magic
 14449 | Lair:5   | Reached skill level 15 in Spellcasting
 14464 | Lair:5   | Got a fine marble ring
 14479 | Lair:5   | Noticed an eight-headed hydra
 14486 | Lair:5   | Killed an eight-headed hydra
 14486 | Lair:5   | Reached XP level 13. HP: 38/65 MP: 16/34
 14558 | Lair:5   | Found a runed translucent door.
 14558 | Lair:5   | Found a viscous altar of Jiyva.
 14559 | Lair:5   | Found a staircase to the Slime Pits.
 14642 | Lair:5   | Got a wizard robe
 15062 | D:5      | Bought a scroll of identify for 30 gold pieces
 15062 | D:5      | Bought a scroll of identify for 30 gold pieces
 15062 | D:5      | Identified the +3 robe of Voad {Stlth+} (You found it on
                  | level 5 of the Lair of Beasts)
 15063 | D:5      | Identified the ring "Wutok" {*Tele +Blink +Inv Dex+2} (You
                  | found it on level 5 of the Lair of Beasts)
 15296 | Lair:6   | Entered Level 6 of the Lair of Beasts
 15423 | Lair:6   | Found a gate leading to a gauntlet.
 15433 | Gauntlet | Entered a Gauntlet
 15433 | Gauntlet | Found a runed translucent door.
 15433 | Gauntlet | Found a transporter.
 15433 | Gauntlet | Found a runed translucent door.
 15439 | Gauntlet | Found a transporter.
 15441 | Gauntlet | Found a transporter.
 15461 | Gauntlet | Found a transporter.
 15621 | Gauntlet | Found a runed translucent door.
 15625 | Gauntlet | Found a runed translucent door.
 15642 | Gauntlet | Found a transporter.
 15642 | Gauntlet | Found a transporter.
 15643 | Gauntlet | Found a transporter.
 15646 | Gauntlet | Found a runed translucent gate.
 15649 | Gauntlet | Found a runed translucent gate.
 15650 | Gauntlet | Found a runed translucent gate.
 15652 | Gauntlet | Found a transporter.
 15655 | Gauntlet | Found a transporter.
 15697 | Gauntlet | Got a pair of smoking boots
 15841 | Gauntlet | Identified the +10 short sword "Faetosm" {venom, rElec}
 15841 | Gauntlet | Identified the amulet "Wutul" {+Rage +Inv rC+ Dex+3}
 15841 | Gauntlet | Noticed a minotaur
 15850 | Gauntlet | Killed a minotaur
 15882 | Gauntlet | Got a dazzling quarterstaff
 16240 | Lair:6   | Slain by a spiny frog

Levels and vault maps discovered:
D:1:      dpeg_arrival_castle, layout_basic
D:2:      layout_loops_corners, zin_scriptorium, tgw_trog
D:3:      layout_loops_ring, overflow_temple_1_default, first_ration,
          nicolae_ru_great_annihilating_truth, uniq_ijyb
D:4:      layout_basic, grunt_gozag_statues, serial_rivers,
          chequers_serial_rivers_large_a, chequers_serial_rivers_small_b,
          chequers_serial_rivers_micro_a, chequers_serial_rivers_small_b,
          chequers_serial_rivers_small_3
D:5:      layout_basic, gammafunk_temple_overflow_pools,
          minmay_temple_entry_glass, serial_shops, nicolae_shop_waterfront,
          shop, nicolae_shop_waterfront, shop, nicolae_shop_trees,
          sigmund_edmund_badplayer
D:6:      layout_loops_ring, nicolae_qazlal_style_of_elements
D:7:      layout_cave_pools, grunt_livestock,
          hangedman_abyss_or_decor_lesser_grid, minmay_statues_item
D:8:      layout_loops_ring, overflow_temple_1_default, item_on_display_b
D:9:      layout_basic, minivault_26, uniq_gastronok, uniq_psyche, uniq_harold
D:10:     layout_long_grid, erik_lair_orcish_takeover, orc_0_dummy,
          chequers_serial_rivers_micro_c
Temple:   minmay_freezing_vapour_temple
Lair:1:   layout_gridlike
Lair:2:   layout_gridlike, serial_bayou_ford_a
Lair:3:   layout_roguey, swamp_mist, spider_nest_entry_a, lemuel_fruit_fields,
          grunt_megastairs_4
Lair:4:   layout_cave_shapes, eino_house_with_fridge
Lair:5:   layout_hall_layers, slime_altar_2
Lair:6:   minmay_lair_end_frog_pond, layout_regular_city,
          gauntlet_entry_generic, serial_bayou_pond_d

Skill      XL: |  1  2  3  4  5  6  7  8  9 10 11 12 |
---------------+-------------------------------------+-----
Spellcasting   | 4 5 7 9 10 12 13 15 | 15.2
Ice Magic      | 5 6 7 8 9 10 11 | 11.4
Short Blades   | 1 2 3 4 |  4.9
Dodging        | 3 4 5 6 |  6.9
Stealth        | 4 5 6 7 8 |  8.6
Conjurations   | 1 2 4 7 8 9 |  9.5
Earth Magic    | 2 4 |  4.0
Charms         | 1 2 3 |  3.9
Fighting       | 1 |  1.5
Throwing       | 1 2 |  2.7
Poison Magic   | 1 |  1.1
Summonings     | 2 4 7 |  7.5
Air Magic      | 2 |  2.4
Fire Magic     | 1 |  1.1
Translocations | |  0.2
Evocations     | |  0.8

Action                   |  1- 3 |  4- 6 |  7- 9 | 10-12 | 13-15 || total
-------------------------+-------+-------+-------+-------+-------++-------
Melee: Dagger            |    23 |    55 |    76 |    25 |       ||   179
       Rapier            |       |       |       |   174 |    27 ||   201
Throw: Dart              |       |       |     6 |    37 |     2 ||    45
 Cast: Freeze            |    39 |    42 |    17 |     3 |       ||   101
       Frozen Ramparts   |     3 |    24 |    23 |    36 |       ||    86
       Ozocubu's Armour  |       |     3 |     5 |    26 |     3 ||    37
       Magic Dart        |       |    10 |   152 |   123 |       ||   285
       Hailstorm         |       |     6 |     2 |    10 |       ||    18
       Mephitic Cloud    |       |       |     5 |     5 |     1 ||    11
       Conjure Flame     |       |       |       |     7 |       ||     7
       Sandblast         |       |       |       |     9 |       ||     9
       Summon Ice Beast  |       |       |       |    45 |     9 ||    54
       Summon Lightning  |       |       |       |    21 |     4 ||    25
       Fireball          |       |       |       |     7 |     6 ||    13
       Blink             |       |       |       |     4 |     1 ||     5
       Stone Arrow       |       |       |       |     1 |       ||     1
Evoke: Wand              |       |       |       |     8 |     2 ||    10
  Use: Scroll            |     1 |     5 |     6 |    14 |     5 ||    31
       Potion            |       |     2 |     1 |     6 |     4 ||    13
 Stab: Sleeping          |     6 |    13 |    11 |    20 |     2 ||    52
       Distracted        |     1 |       |       |     8 |       ||     9
       Paralysed         |       |     1 |       |       |       ||     1
       Confused          |       |       |     3 |     2 |     1 ||     6
  Eat: Chunk             |     1 |    14 |    10 |    19 |     3 ||    47
       Ration            |       |       |       |       |     1 ||     1
Armor: Robe              |    17 |    22 |    32 |    54 |    15 ||   140
Dodge: Dodged            |    35 |    46 |   102 |   192 |    42 ||   417
Block: Other             |       |       |       |    12 |     3 ||    15

Table legend:
 A = Non-vault XP
 B = Vault XP
 C = Vault XP percentage of total XP
 D = Non-vault monster count
 E = Vault monster count
 F = Vault count percentage of total count
                 A         B        C        D         E       F
            +---------+---------+-------+---------+---------+-------
      Total |   33860 |    7650 |  18.4 |     310 |      55 |  15.1
            +---------+---------+-------+---------+---------+-------
        D:1 |      43 |       0 |   0.0 |      24 |       0 |   0.0
        D:2 |     151 |       9 |   5.6 |      24 |       5 |  17.2
        D:3 |     181 |      92 |  33.7 |      38 |       5 |  11.6
        D:4 |     192 |       0 |   0.0 |      14 |       0 |   0.0
        D:5 |     574 |     367 |  39.0 |      17 |       2 |  10.5
        D:6 |     360 |       0 |   0.0 |      15 |       0 |   0.0
        D:7 |    1266 |     885 |  41.1 |      33 |       5 |  13.2
        D:8 |     252 |     463 |  64.8 |       5 |       1 |  16.7
        D:9 |    2961 |     970 |  24.7 |      26 |       1 |   3.7
       D:10 |    1571 |     622 |  28.4 |      15 |       8 |  34.8
     Lair:1 |    3564 |       0 |   0.0 |      14 |       0 |   0.0
     Lair:2 |    3813 |       0 |   0.0 |      17 |       0 |   0.0
     Lair:3 |   11381 |     937 |   7.6 |      28 |       5 |  15.2
     Lair:4 |    4052 |     619 |  13.3 |      24 |      12 |  33.3
     Lair:5 |    3348 |     403 |  10.7 |      15 |       1 |   6.2
     Lair:6 |     151 |      88 |  36.8 |       1 |       1 |  50.0
   Gauntlet |       0 |    2195 | 100.0 |       0 |       9 | 100.0
            +---------+---------+-------+---------+---------+-------
